 Dungeon Crawl Stone Soup version 0.30-a0-50-gb2d611f6b1 (webtiles) character file.

Game seed: 15418073319261737145

248685 LnG the Executioner (level 19, -2/177 HPs)
             Began as a Hill Orc Fighter on Sept 3, 2022.
             Was a Follower of Uskayaw.
             Slain by Sonja
             ... wielding a +2 short sword of distortion
              (3 damage)
             ... on level 1 of the Orcish Mines.
             The game lasted 04:05:44 (50052 turns).

LnG the Executioner (Hill Orc Fighter)             Turns: 50052, Time: 04:06:14

Health: -2/177     AC: 26    Str: 30      XL:     19   Next: 6%
Magic:  19/19      EV:  7    Int:  4 (8)  God:    Uskayaw [*.....]
Gold:   2960       SH: 19    Dex:  7      Spells: 18/18 levels left

rFire   + + .      SeeInvis .    Y - +10 broad axe of Attainder {protect, Fly rF+ Str+3 Dex+2}
rCold   + + .      Faith    +    g - +3 tower shield {rC+}
rNeg    . . .      Spirit   .    b - +1 plate armour {Will+}
rPois   +          Reflect  .    m - +2 hat
rElec   .          Harm     .    (no cloak)
rCorr   .          Rampage  .    k - +2 pair of gloves {hurl}
Will    ++...                    I - +1 pair of boots of Pride {rPois rF+ rC+ Dex-3 Stlth+}
Stlth   ++........               T - amulet of Xepte {Faith Stlth+}
HPRegen 0.00/turn                p - +4 ring of slaying
MPRegen 0.16/turn                F - ring of poison resistance

@: mighty, sick, flying, unable to drink
A: screaming 2, subdued magic 1, inability to drink after injury 1, [clumsy 1],
[inability to read after injury 2]
}: 3/15 runes: decaying, serpentine, abyssal
a: Renounce Religion, Stomp


You were on level 1 of the Orcish Mines.
You worshipped Uskayaw.
Uskayaw was noncommittal.
You visited 6 branches of the dungeon, and saw 28 of its levels.
You visited the Abyss 1 time.
You also visited: Bailey.

You collected 3650 gold pieces.
You spent 690 gold pieces at shops.

Inventory:

Hand Weapons
 a - the +11 glaive of Buatoqoj {vorpal, rCorr Stlth+}
   (You found it on level 3 of the Lair of Beasts)

   It inflicts extra damage upon your enemies.
   rCorr:     It protects you from acid and corrosion.
   Stlth:     It makes you more stealthy.
 Y - the +10 broad axe of Attainder (weapon) {protect, Fly rF+ Str+3 Dex+2}
   (You acquired it on level 2 of the Lair of Beasts)

   It grants its wielder temporary protection when it strikes (+7 to AC).
   Str:       It affects your strength (+3).
   Dex:       It affects your dexterity (+2).
   rF:        It protects you from fire.
   Fly:       It grants you flight.
Missiles
 c - 5 silver javelins
 L - 5 boomerangs
 R - 12 javelins
Armour
 b - a +1 plate armour of willpower (worn)
 g - a +3 tower shield of cold resistance (worn)
 k - a +2 pair of gloves of hurling (worn)
 m - a +2 hat (worn)
 I - the +1 pair of boots of Pride (worn) {rPois rF+ rC+ Dex-3 Stlth+}
   (You acquired it on level 7 of the Dungeon)

   Dex:       It affects your dexterity (-3).
   rF:        It protects you from fire.
   rC:        It protects you from cold.
   rPois:     It protects you from poison.
   Stlth:     It makes you more stealthy.
Jewellery
 l - a ring of willpower
 n - a ring of ice
 p - a +4 ring of slaying (left hand)
 r - a ring of resist corrosion
 s - a ring of see invisible
 v - an amulet of guardian spirit
 B - an amulet of reflection
 F - a ring of poison resistance (right hand)
 P - a ring of flight
 T - the amulet of Xepte (around neck) {Faith Stlth+}
   (You found it on level 13 of the Dungeon)

   [amulet of faith]

   It allows you to gain divine favour quickly.
   Stlth:     It makes you more stealthy.
 U - the ring "Vomewezo" {Fly Str+6 SInv}
   (You bought it in a shop on level 1 of the Orcish Mines)

   [ring of strength]

   Str:       It affects your strength (+6).
   SInv:      It lets you see invisible.
   Fly:       It grants you flight.
 W - a ring of fire
Wands
 i - a wand of digging (9)
 x - a wand of roots (42)
 y - a wand of charming (10)
 A - a wand of polymorph (17)
 H - a wand of flame (31)
 K - a wand of mindburst (31)
Scrolls
 h - a scroll of amnesia
 o - 11 scrolls of teleportation
 D - a scroll of vulnerability
 G - 5 scrolls of poison
 J - 7 scrolls of identify
 N - 3 scrolls of enchant weapon
 O - 5 scrolls of butterflies
 S - 3 scrolls of brand weapon
 V - 4 scrolls of immolation
Potions
 d - a potion of might
 f - 8 potions of curing
 j - 5 potions of lignification
 q - 2 potions of resistance
 t - 5 potions of magic
 u - 4 potions of invisibility
 z - 8 potions of brilliance
 C - 4 potions of mutation
 E - a potion of cancellation
 M - 4 potions of ambrosia
 X - a potion of berserk rage
Miscellaneous
 w - a phial of floods (inert)


   Skills:
 + Level 17.6 Fighting
 + Level 21.6 Axes
 + Level 11.0 Throwing
 + Level 15.1 Armour
 + Level 5.9 Dodging
 + Level 12.2 Stealth
 + Level 14.0 Shields
 + Level 0.4 Unarmed Combat
 + Level 1.1 Evocations


You had 18 spell levels left.
You didn't know any spells.
Your spell library contained the following spells:

 Spells                   Type           Power      Damage    Failure   Level
 Summon Small Mammal      Summ           0%         N/A       100%        1
 Ensorcelled Hibernation  Hex/Ice        0%         N/A       100%        2
 Passwall                 Tmut/Erth      0%         N/A       100%        2
 Poisonous Vapours        Pois/Air       0%         N/A       100%        2
 Scorch                   Fire           0%         2d5       100%        2
 Dazzling Flash           Conj/Hex       0%         N/A       100%        3
 Swiftness                Air            0%         N/A       100%        3
 Tukima's Dance           Hex            0%         N/A       100%        3
 Cause Fear               Hex            0%         N/A       100%        4
 Corpse Rot               Necr/Pois/Air  0%         N/A       100%        4
 Flame Wave               Conj/Fire      0%         2d4       100%        4
 Hailstorm                Conj/Ice       0%         3d3       100%        4
 Ice Form                 Ice/Tmut       0%         N/A       100%        4
 Passage of Golubria      Tloc           0%         N/A       100%        4
 Summon Ice Beast         Ice/Summ       0%         N/A       100%        4
 Agony                    Necr           0%         N/A       100%        5
 Silence                  Hex/Air        0%         N/A       100%        5
 Summon Forest            Summ/Tloc      0%         N/A       100%        5
 Summon Mana Viper        Hex/Summ       0%         N/A       100%        5
 Yara's Violent Unravell  Hex/Tmut       0%         3d3       100%        5
 Eringya's Noxious Bog    Tmut/Pois      0%         N/A       100%        6
 Simulacrum               Ice/Necr       0%         N/A       100%        6
 Summon Cactus Giant      Summ           0%         N/A       100%        6
 Dragon Form              Tmut           0%         N/A       100%        7
 Monstrous Menagerie      Summ           0%         N/A       100%        7
 Summon Hydra             Summ           0%         N/A       100%        7
 Lehudib's Crystal Spear  Conj/Erth      0%         10d2      100%        8
 Dragon's Call            Summ           0%         N/A       100%        9


Dungeon Overview and Level Annotations

Branches:
Dungeon (13/15)            Temple (1/1) D:4            Lair (5/5) D:9
  Swamp (4/4) Lair:3        Snake (4/4) Lair:3        Slime (0/5) Lair:4
    Orc (1/2) D:11         Vaults (0/5) D:13         Bailey (visited)

Altars:
Ashenzari
Cheibriados
Dithmenos
Elyvilon
Fedhas
Gozag
Hepliaklqana
Kikubaaqudgha
Makhleb
Nemelex Xobeh
Okawaru
Qazlal
Ru
Sif Muna
Trog
Uskayaw
Vehumet
Wu Jian
Xom
Yredelemnul
Zin
The Shining One
Jiyva

Shops:
D:1 (   Orc:1 =

Annotations:
D:3 2 transporters, osoart's ghost, amateur DgAM
Snake:1 exclusion: oklob plant
Orc:1 Sonja


Innate Abilities, Weirdness & Mutations

You frequently scream uncontrollably at your foes.
Your spells are a little easier to cast, but a little less powerful.
You occasionally lose the ability to drink potions when taking damage.
[You are clumsy. (Dex -2)]
[You sometimes lose the ability to read scrolls when taking damage.]


Message History

* * * LOW HITPOINT WARNING * * *
You block the spatial maelstrom's attack.
The spatial maelstrom hits you.
* * * LOW HITPOINT WARNING * * *
You blink.
A spatial vortex comes into view.
You are covered in liquid flames!
* * * LOW HITPOINT WARNING * * *
You are no longer on fire.
The golden eye blinks at you. You resist with almost no effort.
The golden eye blinks at you. You resist with some effort.
You block the fire bat's attack. You block the fire bat's attack.
The fire bat attacks as you move away! You block the fire bat's attack.
Found a gateway leading out of the Abyss.
You block the fire bat's attack. The fire bat closely misses you.
A spatial vortex comes into view.
You block the fire bat's attack. The fire bat attacks as you move away!
You block the fire bat's attack. x2
A spriggan comes into view.
The spriggan moves out of view.
You can read scrolls again.
A spatial vortex comes into view.
You block the fire bat's attack. The fire bat attacks as you move away!
You block the fire bat's attack.
The fire bat bites you but does no damage. x2 2 spatial vortices come into view.
A spatial vortex comes into view.
You hear a faint skittering sound.
There is a gateway leading out of the Abyss here.
You pass through the gate.
Welcome back to the Orcish Mines!
Level annotation: Sonja You block Sonja's attack.
Sonja hits you with a +2 short sword of distortion.
* * * LOW HITPOINT WARNING * * *
Space warps around you.
You die...

#.##.#..........#
#..###..................
....##.....>............
.....#..................
....[..................
....[...........#.[[.#
....>)............[.
................K$#
................@.#
..................##
...................#
....................#
.........#......#..##
.......##..#...###
......##....#.## ......
##..#### #..... ...#


You could see Sonja.

Vanquished Creatures
  Nikola (Snake:4)
  Jorgrun (Orc:1)
  Rupert (Lair:4)
  2 tentacled starspawn
  Agnes (Snake:4)
  A thorn hunter (Swamp:1)
  Kirke (Snake:1)
  A fenstrider witch (Swamp:2)
  17 nagarajas
  Aizul (Snake:2)
  An emperor scorpion (D:10)
  3 eleionomae
  6 bunyips
  The ghost of Xiutytse the Covert, a journeyman GnDe of Gozag (Lair:3)
  Snorg (Lair:4)
  An ettin (D:13)
  Josephine (D:12)
  A crystal guardian (D:13)
  2 shambling mangroves (Swamp:4)
  2 salamander tyrants (Snake:4)
  5 ghost crabs
  2 boulder beetles (D:12)
  28 hydras
  9 two-headed ogres
  5 anacondas
  A catoblepas (Lair:4)
  7 centaur warriors (D:13)
  14 naga warriors
  10 alligators
  Erica (D:8)
  Urug (Lair:2)
  7 shock serpents
  2 thrashing horrors (Abyss:4)
  A deep elf knight (D:13)
  12 naga sharpshooters
  3 spriggan berserkers (Swamp:4)
  Nergalle (D:11)
  A fire crab (Lair:4)
  3 salamander mystics
  2 sea snakes (Snake:3)
  8 goliath frogs
  4 spriggan druids
  9 naga ritualists
  5 bog bodies
  8 swamp dragons
  A flayed ghost (D:13)
  2 deep elf pyromancers
  A wizard (D:11)
  Pikel (D:5)
  An orc knight (D:13)
  2 lindwurms
  4 ugly things
  12 mana vipers
  An orc sorcerer (Orc:1)
  5 cyclopes
  15 salamanders
  2 manticores
  40 black mambas
  4 guardian serpents
  A black mamba (shapeshifter) (D:13)
  18 naga magi
  2 torpor snails (Lair:5)
  4 gargoyles (D:12)
  23 cane toads
  4 unseen horrors (D:12)
  An efreet (D:13)
  4 kobold demonologists
  6 rime drakes
  7 komodo dragons
  A yaktaur (D:13)
  A freezing wraith (D:11)
  3 burning bushes (Lair:3)
  7 trolls
  A polar bear (Lair:5)
  13 tyrant leeches
  13 hornets
  6 slime creatures (D:13)
  23 blink frogs
  A raiju (Abyss:4)
  2 dream sheep (Lair:5)
  A centaur simulacrum (D:12)
  A vampire (D:10)
  8 wraiths
  13 spriggans
  4 shadows
  16 humans
  38 yaks
  4 wyverns
  A ynoxinul (Abyss:3)
  A redback (D:13)
  2 basilisks
  6 hogs (Snake:1)
  A steam dragon (D:9)
  A death yak simulacrum (Lair:3)
  10 vampire mosquitoes
  22 swamp worms
  35 nagas
  Edmund (D:5)
  An acid dragon (D:12)
  14 water moccasins
  5 hell hounds
  17 orc warriors
  10 swamp drakes
  4 black bears
  2 ice beasts (D:7)
  A sky beast (D:7)
  7 wolves
  2 ogres
  A black mamba simulacrum (Lair:3)
  8 centaurs
  2 lemures (D:5)
  A small abomination (Abyss:4)
  5 kobold brigands
  Blork the orc (D:5)
  A gnoll sergeant (D:12)
  20 bullfrogs
  A necrophage (D:8)
  6 scorpions
  A cane toad simulacrum (Lair:3)
  9 wights
  A killer bee (D:10)
  4 howler monkeys
  A komodo dragon simulacrum (Lair:3)
  A jelly (D:6)
  3 hounds
  14 orc priests
  2 gnoll boudas
  20 orc wizards
  2 iguanas
  5 hell rats (Lair:4)
  A basilisk simulacrum (Lair:3)
  14 gnolls
  4 adders
  A shadow imp (D:5)
  3 worms
  A dart slug (D:3)
  43 orcs
  7 bats
  4 endoplasms
  A giant cockroach (D:4)
  10 hobgoblins
  44 kobolds
  2 quokkas (D:1)
  6 ball pythons
  2 frilled lizards
  9 goblins
  5 rats
  5 briar patches (Swamp:1)
  4 bushes
  4 starspawn tentacles
934 creatures vanquished.

Vanquished Creatures (others)
  A naga warrior (Snake:4)
  A black mamba (Snake:2)
  A bloated husk (Swamp:1)
  66 fungi
  122 plants
  4 starspawn tentacles
195 creatures vanquished.

Grand Total: 1129 creatures vanquished

Notes
Turn   | Place    | Note
-------+----------+-------------------------------------------
     0 | D:1      | LnG the Hill Orc Fighter began the quest for the Orb.
     0 | D:1      | Reached XP level 1. HP: 19/19 MP: 1/1
   265 | D:1      | Reached skill level 3 in Axes
   279 | D:1      | You fall into a shaft and drop 1 floor!
   334 | D:2      | Reached XP level 2. HP: 23/27 MP: 2/2
   424 | D:2      | Reached XP level 3. HP: 33/33 MP: 3/3
   861 | D:1      | Found Voig's Weapon Shop.
  1357 | D:1      | Found a faded altar of an unknown god.
  1836 | D:2      | Reached XP level 4. HP: 34/40 MP: 4/4
  2242 | D:3      | Reached skill level 4 in Axes
  2437 | D:3      | Found a transporter.
  2441 | D:3      | Noticed osoart's ghost (amateur DgAM)
  2443 | D:3      | Found a transporter.
  2492 | D:3      | Reached XP level 5. HP: 22/47 MP: 5/5
  3199 | D:4      | Reached skill level 5 in Axes
  3206 | D:4      | Reached skill level 5 in Fighting
  3206 | D:4      | Reached XP level 6. HP: 45/56 MP: 6/6
  3476 | D:4      | Found a staircase to the Ecumenical Temple.
  3499 | Temple   | Entered the Ecumenical Temple
  3545 | Temple   | Became a worshipper of Uskayaw the Reveller
  4190 | D:4      | Found a shimmering altar of Xom.
  4303 | D:5      | Entered Level 5 of the Dungeon
  4308 | D:5      | Reached * piety under Uskayaw
  4312 | D:5      | Reached ** piety under Uskayaw
  4314 | D:5      | Reached skill level 6 in Axes
  4314 | D:5      | Reached *** piety under Uskayaw
  4562 | D:5      | Reached XP level 7. HP: 61/61 MP: 7/7
  4611 | D:5      | Reached skill level 1 in Dodging
  4663 | D:5      | Reached skill level 7 in Axes
  4751 | D:5      | Noticed Blork the orc
  4752 | D:5      | Noticed Edmund
  4765 | D:5      | Killed Blork the orc
  4945 | D:5      | Killed Edmund
  5197 | D:5      | Found a radiant altar of Vehumet.
  5207 | D:5      | Reached skill level 8 in Axes
  5207 | D:5      | Reached skill level 5 in Armour
  5270 | D:5      | Found an ancient bone altar of Kikubaaqudgha.
  5275 | D:5      | Reached XP level 8. HP: 67/70 MP: 8/8
  5291 | D:5      | Found a shimmering blue altar of Sif Muna.
  5303 | D:5      | Got Sif Muna's Handbook of Rallying
  5453 | D:5      | Noticed Pikel
  5727 | D:5      | Killed Pikel
  5728 | D:5      | Reached skill level 9 in Axes
  5728 | D:5      | Reached skill level 1 in Stealth
  6517 | D:6      | Reached skill level 10 in Axes
  6700 | D:6      | Reached XP level 9. HP: 79/79 MP: 9/9
  6987 | D:6      | Reached skill level 5 in Shields
  7620 | D:7      | Reached **** piety under Uskayaw
  7907 | D:7      | Found a white marble altar of Elyvilon.
  8164 | D:7      | Reached skill level 11 in Axes
  8453 | D:7      | Identified a scroll of acquirement
  8453 | D:7      | Acquired the +1 pair of boots of Pride {rPois rF+ rC+ Dex-3
                  | Stlth+}
  8505 | D:7      | Found a broken altar of Ashenzari.
  9029 | D:8      | Reached ***** piety under Uskayaw
  9032 | D:8      | Reached skill level 12 in Axes
  9033 | D:8      | Reached XP level 10. HP: 84/88 MP: 10/10
  9207 | D:8      | Found a flagged portal.
  9231 | Bailey   | Entered a bailey
  9956 | D:8      | Reached skill level 13 in Axes
  9965 | D:8      | Found a burning altar of Makhleb.
  9965 | D:8      | Noticed a cacodemon
 10136 | D:8      | Found a glowing silver altar of Zin.
 10137 | D:8      | Noticed an angel
 10381 | D:8      | Noticed Erica
 10397 | D:8      | Killed Erica
 10940 | D:9      | Noticed a two-headed ogre
 11026 | D:9      | Reached XP level 11. HP: 92/95 MP: 11/11
 11043 | D:8      | Reached skill level 1 in Throwing
 11231 | D:9      | Killed a two-headed ogre
 11232 | D:9      | Reached skill level 14 in Axes
 11542 | D:9      | Found a staircase to the Lair.
 11874 | D:10     | Entered Level 10 of the Dungeon
 11936 | D:10     | HP: 4/97 [komodo dragon (9)]
 12297 | D:10     | Noticed a two-headed ogre
 12304 | D:10     | Killed a two-headed ogre
 12776 | D:10     | Noticed a sun demon
 12778 | D:10     | Noticed a sixfirhy
 12779 | D:10     | Noticed a sun demon
 13102 | D:10     | Acquired 504 gold pieces
 13116 | D:11     | Noticed a five-headed hydra
 13331 | D:11     | Noticed an emperor scorpion
 13331 | D:11     | a five-headed hydra changed into an emperor scorpion
 13922 | Lair:1   | Entered Level 1 of the Lair of Beasts
 14421 | Lair:1   | Noticed an eight-headed hydra
 14947 | Lair:2   | Reached skill level 15 in Axes
 14961 | Lair:2   | Acquired the +10 broad axe of Attainder {protect, Fly rF+
                  | Str+3 Dex+2}
 15040 | Lair:2   | Found a dark tunnel.
 15436 | Lair:2   | Reached skill level 10 in Fighting
 15437 | Lair:2   | Reached XP level 12. HP: 106/106 MP: 12/12
 15448 | Lair:2   | Reached skill level 5 in Stealth
 15629 | Lair:2   | Noticed Urug
 15637 | Lair:2   | Killed Urug
 16206 | Lair:3   | Found a runed translucent gate.
 16207 | Lair:3   | Found a runed translucent gate.
 16208 | Lair:3   | Found a runed translucent gate.
 16251 | Lair:3   | Noticed Xiutytse's ghost (journeyman GnDe)
 16360 | Lair:3   | Reached skill level 16 in Axes
 16695 | Lair:3   | Reached ****** piety under Uskayaw
 17005 | Lair:3   | Found a staircase to the Snake Pit.
 17096 | Lair:3   | Found a staircase to the Swamp.
 17248 | Lair:3   | Identified the +1 leather armour of Resourcefulness {+Blink
                  | Will- Regen+ Dex+9}
 17564 | Lair:4   | Noticed a four-headed hydra
 17703 | Lair:4   | Killed a 12-headed hydra
 17851 | Lair:4   | Reached skill level 17 in Axes
 18093 | Lair:5   | Entered Level 5 of the Lair of Beasts
 18093 | Lair:5   | Noticed a catoblepas
 18109 | Lair:4   | Killed a catoblepas
 18110 | Lair:4   | Reached XP level 13. HP: 110/116 MP: 13/13
 18314 | Lair:5   | Reached skill level 1 in Evocations
 18622 | Lair:4   | Noticed Snorg
 18635 | Lair:4   | Killed Snorg
 18805 | Lair:4   | Noticed Rupert
 18805 | Lair:4   | Paralysed by Rupert for 3 turns
 18819 | Lair:4   | Killed Rupert
 18993 | Lair:4   | Found a viscous altar of Jiyva.
 18993 | Lair:4   | Found a staircase to the Slime Pits.
 19380 | Lair:5   | Reached skill level 10 in Armour
 19620 | Lair:5   | Reached skill level 18 in Axes
 20210 | Lair:5   | Reached skill level 10 in Shields
 20823 | Lair:5   | Reached XP level 14. HP: 127/127 MP: 14/14
 20942 | Lair:5   | Reached skill level 5 in Throwing
 21479 | Lair:5   | Identified the +5 lajatang of the Shining Light {pain,
                  | rElec rPois Str+4}
 21947 | Lair:3   | Killed Xiutytse's ghost
 21992 | Lair:3   | Identified the +11 glaive of Buatoqoj {vorpal, rCorr
                  | Stlth+}
 22567 | D:10     | Killed an emperor scorpion
 22811 | D:11     | Noticed Nergalle
 23091 | D:11     | Killed Nergalle
 23537 | D:11     | Found a staircase to the Orcish Mines.
 24085 | Orc:1    | Entered Level 1 of the Orcish Mines
 24139 | Orc:1    | Found Peddeiri's Jewellery Shop.
 24142 | Orc:1    | Bought the ring "Vomewezo" {Fly Str+6 SInv} for 690 gold
                  | pieces
 24573 | Orc:1    | Found a shimmering blue altar of Sif Muna.
 24722 | Orc:1    | Noticed Jorgrun
 25151 | D:12     | Reached skill level 19 in Axes
 25627 | D:12     | Identified the +12 sling "Ugiok" {flame, rElec rCorr}
 25641 | D:12     | Reached XP level 15. HP: 136/136 MP: 15/15
 25816 | D:12     | Noticed Josephine
 25824 | D:12     | Killed Josephine
 26718 | D:13     | Found a gate to the Vaults.
 26835 | D:13     | Found the +10 Black Knight's barding {ponderous, rPois rN+}
 27264 | D:13     | Identified the amulet of Xepte {Faith Stlth+}
 28141 | D:13     | Reached skill level 5 in Dodging
 28489 | D:13     | Upgraded the game from 0.30-a0-49-g1cef19eb02 to
                  | 0.30-a0-50-gb2d611f6b1
 28671 | Snake:1  | Entered Level 1 of the Snake Pit
 30143 | Snake:1  | Reached XP level 16. HP: 106/147 MP: 16/16
 30865 | Snake:1  | Found a basalt altar of Yredelemnul.
 30951 | Snake:1  | Noticed Kirke
 30974 | Snake:1  | Killed Kirke
 32200 | Snake:1  | Reached skill level 15 in Fighting
 32327 | Snake:2  | Noticed a nagaraja
 32342 | Snake:2  | Killed a nagaraja
 32343 | Snake:2  | Reached skill level 20 in Axes
 33265 | Snake:2  | Noticed Aizul
 33748 | Snake:2  | Killed Aizul
 33755 | Snake:2  | Reached skill level 10 in Stealth
 34013 | Snake:2  | You are sucked into a shaft and drop 1 floor!
 34935 | Snake:3  | HP: 6/150 [poisoned by naga mage (concentrated venom)]
 36341 | Snake:4  | Entered Level 4 of the Snake Pit
 36451 | Snake:4  | Noticed Nikola
 36716 | Snake:4  | Killed Nikola
 36717 | Snake:4  | Reached XP level 17. HP: 115/158 MP: 17/17
 40251 | Snake:4  | Got a serpentine rune of Zot
 41159 | Snake:4  | Noticed Agnes
 41165 | Snake:4  | Killed Agnes
 41621 | Snake:4  | Reached skill level 21 in Axes
 42274 | Swamp:1  | Entered Level 1 of the Swamp
 42726 | Swamp:1  | Reached XP level 18. HP: 116/168 MP: 18/18
 44151 | Swamp:2  | Reached skill level 10 in Throwing
 45986 | Swamp:4  | Entered Level 4 of the Swamp
 47705 | Swamp:4  | Reached skill level 15 in Armour
 48206 | Swamp:4  | Got a decaying rune of Zot
 49197 | Orc:1    | Killed Jorgrun
 49683 | Orc:1    | Noticed Sonja
 49690 | Abyss:1  | Cast into level 1 of the Abyss (Sonja)
 49703 | Abyss:2  | Found a corrupted altar of Lugonu.
 49703 | Abyss:2  | Found a candlelit altar of Ignis.
 49814 | Abyss:4  | Reached XP level 19. HP: 169/177 MP: 19/19
 49870 | Abyss:4  | Paralysed by accursed screaming for 1 turns
 49896 | Abyss:4  | Gained mutation: Your spells are a little easier to cast,
                  | but a little less powerful. [a neqoxec]
 49899 | Abyss:4  | Gained mutation: You occasionally shout uncontrollably at
                  | your foes. [a neqoxec]
 49902 | Abyss:4  | Gained mutation: You frequently scream uncontrollably at
                  | your foes. [a neqoxec]
 49906 | Abyss:4  | Gained mutation: You occasionally lose the ability to drink
                  | potions when taking damage. [a neqoxec]
 49968 | Abyss:4  | Paralysed by accursed screaming for 1 turns
 49971 | Abyss:4  | Found a corrupted altar of Lugonu.
 50039 | Abyss:5  | Got an abyssal rune of Zot
 50040 | Abyss:5  | HP: 8/177 [spatial maelstrom (3)]
 50052 | Orc:1    | Escaped the Abyss
 50052 | Orc:1    | HP: 1/177 [Sonja/+2 short sword of distortion (5)]
 50052 | Orc:1    | Slain by Sonja

Illustrated notes

Levels and vault maps discovered:
D:1:      kilobyte_arrival_exit_the_forest, layout_loops_corners, serial_shops,
          nicolae_shop_bloodbath_and_beyond, chequers_ecumenical_altar_lobes,
          minivault_23
D:2:      cheibrodos_old_hovel, layout_loops_ring
D:3:      layout_loops_ring, gammafunk_ghost_mausoleum, serial_forest,
          infiniplex_forest_lined_room_, infiniplex_forest_clump_small,
          infiniplex_forest_straight_4, infiniplex_forest_3_way,
          infiniplex_forest_zigzag_1, infiniplex_forest_corner_1,
          infiniplex_forest_zigzag_2, chequers_serial_rivers_micro_b
D:4:      nicolae_cairo_tiling, layout_layer_cave, general_overflow_altar,
          minmay_temple_entry_stoned_glass
D:5:      layout_loops_ring, palyth_temple_overflow_mages, minmay_door_square,
          uniq_blork_the_orc, uniq_edmund, uniq_pikel
D:6:      layout_basic, feat_on_display
D:7:      layout_loops_ring, nicolae_overflow_hidden_temple
D:8:      layout_basic, grunt_temple_overflow_order_and_chaos_2, enter_bailey_5,
          minmay_misc_feat_tiny, kennysheep_another_room, uniq_erica
D:9:      layout_cave_pools, due_lair_maze_entry_diamond, serial_park,
          serial_park_square1 [serial_park_minivault_5x5_7],
          serial_park_square2, serial_park_tiny_1, hex_tiny
D:10:     layout_rooms
D:11:     hangedman_cross_stitches, layout_long_grid, hiddenorc1_lemuel,
          uniq_nergalle
D:12:     minmay_imperfect_grid, layout_irregular_city, uniq_josephine
D:13:     minmay_strange_plus, layout_gridville, david_vaults_3
Temple:   compressed_dpeg_circular_temple
Lair:1:   layout_roguey, dreamdust_gnoll_shepherd, infiniplex_staircase_pool
Lair:2:   layout_roguey, enter_volcano_3, uniq_urug
Lair:3:   layout_cave_pods, swamp_mist, minmay_snake_entry_guardpost_large,
          gammafunk_ghost_icy, evilmike_ambush [evilmike_ambush_outer_basic,
          evilmike_ambush_inner_cross]
Lair:4:   layout_hall_layers, dpeg_slime_entry_corner, serial_bayou_pond_a,
          grunt_megastairs_4, serial_bayou_shore_b, uniq_rupert, uniq_snorg
Lair:5:   minmay_lair_end_frog_pond, layout_regular_city, lemuel_fruit_tree
Swamp:1:  layout_basic_swamp, evilmike_swamp_ruin_rubble_1,
          infiniplex_staircase_pool_2
Swamp:2:  layout_basic_swamp, nicolae_swamp_oxbows
Swamp:3:  layout_falls_marsh, nicolae_swamp_fairy_circle
Swamp:4:  swamp_basic_johnstein, layout_basic_swamp, swamp_pool2
Snake:1:  cheibrodos_snake_ritualist_ritual, layout_layer_cave,
          lemuel_oklob_altar, uniq_kirke
Snake:2:  layout_rooms, uniq_aizul
Snake:3:  layout_basic, guppyfry_snake_island
Snake:4:  grunt_snake_rune_spirals, layout_onion_interference, uniq_agnes,
          uniq_nikola
Orc:1:    layout_caves, serial_shops, nicolae_shop_window_shopping,
          led_sif_book, uniq_jorgrun, uniq_sonja

Skill      XL: |  1  2  3  4  5  6  7  8  9 10 11 12 13 14 15 16 17 18 19 |
---------------+----------------------------------------------------------+-----
Axes           | 3 4 5 6 8 10 12 13 15 17 18 19 20 21 | 21.6
Fighting       | 4 5 6 7 8 10 11 12 13 14 15 16 17 | 17.6
Shields        | 4 6 7 8 9 10 11 12 13 14 | 14.0
Armour         | 4 5 6 7 8 9 10 11 12 14 15 | 15.1
Dodging        | 1 2 3 4 5 |  5.9
Stealth        | 1 4 6 7 9 10 11 12 | 12.2
Throwing       | 3 4 6 7 8 9 11 | 11.0
Evocations     | 1 |  1.1
Unarmed Combat | |  0.4

Action                   |  1- 3 |  4- 6 |  7- 9 | 10-12 | 13-15 | 16-18 | 19-21 || total
-------------------------+-------+-------+-------+-------+-------+-------+-------++-------
Melee: War axe           |   110 |   113 |   242 |   350 |       |       |       ||   815
       Unarmed           |       |       |     4 |       |       |     4 |       ||     8
       Broad axe         |       |       |       |   186 |   652 |   912 |    20 ||  1770
Throw: Boomerang         |       |       |       |    64 |   182 |   314 |       ||   560
Evoke: Wand              |       |       |       |     6 |       |       |       ||     6
       Phial of floods   |       |       |       |       |       |       |     1 ||     1
  Use: Scroll            |     4 |       |    16 |    12 |    14 |     6 |     3 ||    55
       Potion            |       |       |     1 |       |     3 |    10 |    11 ||    25
 Stab: Paralysed         |       |       |     5 |    33 |    58 |    96 |     5 ||   197
       Sleeping          |       |       |       |     1 |    14 |     1 |       ||    16
       Distracted        |       |       |       |       |     3 |     2 |       ||     5
Armor: Scale mail        |    39 |    65 |    67 |   121 |   266 |    64 |       ||   622
       Plate armour      |       |       |       |       |       |   438 |    38 ||   476
Dodge: Dodged            |    56 |    47 |    84 |   132 |   241 |   257 |    11 ||   828
Block: Buckler           |    29 |    37 |    71 |   251 |   376 |   282 |       ||  1046
       Reflection        |       |       |     5 |    24 |    26 |       |       ||    55
       Tower shield      |       |       |       |       |       |    80 |    83 ||   163

Table legend: (Time is in decaauts)
 A = Elapsed time spent in this place.
 B = Non-inter-level travel time spent in this place.
 C = Inter-level travel time spent in this place.
 D = Time resting spent in this place.
 E = Time spent auto-exploring this place.
 F = Levels seen in this place.
 G = Mean time per level.
                   A        B        C        D        E       F      G
               +--------+--------+--------+--------+--------+-----+--------+
         Total |  49717 |  47634 |   2083 |  18645 |   8478 |  34 | 1462.3 |
       Dungeon |  19106 |  17968 |   1138 |   5490 |   4984 |  13 | 1469.7 |
        Temple |    195 |    195 |      0 |      0 |      0 |   1 |  195.0 |
          Lair |   9480 |   9008 |    472 |   3131 |   1658 |   5 | 1896.0 |
         Swamp |   6197 |   6071 |    126 |   2451 |    736 |   4 | 1549.2 |
     Snake Pit |  12639 |  12293 |    346 |   6959 |   1100 |   4 | 3159.8 |
  Orcish Mines |   1213 |   1213 |      0 |    517 |      0 |   1 | 1213.0 |
         Abyss |    329 |    329 |      0 |      5 |      0 |   5 |   65.8 |
        Bailey |    554 |    554 |      0 |     90 |      0 |   1 |  554.0 |
               +--------+--------+--------+--------+--------+-----+--------+

Top non-repeatable levels by time:
 Snake:4: 4840 daAuts
 Snake:1: 4062 daAuts
  Lair:3: 2620 daAuts
  Lair:5: 2143 daAuts
  Lair:4: 2100 daAuts
    D:10: 2050 daAuts
 Snake:3: 2013 daAuts
 Swamp:4: 1973 daAuts
    D:12: 1843 daAuts
     D:8: 1752 daAuts
 Snake:2: 1722 daAuts
    D:13: 1715 daAuts
    D:11: 1671 daAuts
     D:5: 1635 daAuts
     D:6: 1569 daAuts
